 Dungeon Crawl Stone Soup version 0.26-a0-61-g6c07f0ee8d (webtiles) character file.

Game seed: 14036801677565876764

(classic levelgen) 567 EnegeticOcto the Skirmisher (level 7, 0/62 HPs)
             Began as a Minotaur Fighter on June 9, 2020.
             Was a Follower of Okawaru.
             Slain by a scorpion (6 damage)
             ... on level 4 of the Dungeon.
             The game lasted 00:02:44 (3755 turns).

EnegeticOcto the Skirmisher (Minotaur Fighter)      Turns: 3755, Time: 00:02:44

Health: 0/62       AC: 14    Str: 23    XL:     7   Next: 11%
Magic:  5/7        EV:  8    Int:  5    God:    Okawaru [*.....]
Gold:   112        SH: 17    Dex:  9    Spells: 6/6 levels left

rFire    . . .     SeeInvis .   a - +0 war axe
rCold    . . .     Gourm    .   g - +0 tower shield
rNeg     . . .     Faith    .   d - +0 chain mail
rPois    .         Spirit   .   (helmet restricted)
rElec    .         Reflect  .   o - +0 cloak
rCorr    .         Harm     .   (no gloves)
MR       .....                  h - +0 pair of boots
Stlth    ..........             (no amulet)
HPRegen  0.20/turn              (no ring)
MPRegen  0.10/turn              (no ring)

@: lethally poisoned (0 -> -3), heroism
A: retaliatory headbutt, horns 2
a: Heroism, Renounce Religion


You were on level 4 of the Dungeon.
You worshipped Okawaru.
Okawaru was aware of your devotion.
You were not hungry.

You visited 1 branch of the dungeon, and saw 4 of its levels.

You collected 112 gold pieces.

Inventory:

Hand Weapons
 a - a +0 war axe (weapon)
Armour
 d - a +0 chain mail (worn)
 g - a +0 tower shield (worn)
 h - a +0 pair of boots (worn)
 o - a +0 cloak (worn)
Wands
 r - a wand of flame (14) {@v3}
Scrolls
 f - a scroll of remove curse {@r6}
 l - a scroll of identify {@r1}
 n - a scroll of magic mapping {@r5}
Potions
 b - 2 potions of mutation
 i - 3 potions of curing {@q1}
 j - a potion of heal wounds {@q2}
 k - a potion of might {@q3}
 t - 5 potions of cancellation
Comestibles
 e - 3 rations
 p - a chunk of flesh


   Skills:
 * Level 5.8(10.8) Fighting
 * Level 5.2(10.2) Axes
 + Level 4.9(9.9) Armour
 - Level 2.4(7.4) Dodging
 + Level 4.8(9.8) Shields
 + Level 2.1 Invocations


You had 6 spell levels left.
You didn't know any spells.
Your spell library was empty.

Dungeon Overview and Level Annotations

Branches:
Dungeon (4/15)
 Temple: D:4-7

Altars:
Okawaru

Annotations:
D:4 Pikel


Innate Abilities, Weirdness & Mutations

You reflexively headbutt those who attack you in melee.
You have a pair of horns on your head.


Message History

You are too injured to fight recklessly!
You are too injured to fight recklessly!
You barely miss the slave.
The slave is lightly wounded.
You hit the slave but do no damage. You hit the scorpion. You hit the slave.
You feel sick. You block the slave's attack. You block the scorpion's attack.
You block the slave's attack. The slave hits you!
* * * LOW HITPOINT WARNING * * *
You closely miss the slave.
The slave is lightly wounded.
You closely miss the slave. You slash the slave! You hit the scorpion.
You slash the slave! You block the slave's attack.
The scorpion closely misses you. The slave hits you but does no damage.
You block the slave's attack. The slave hits you but does no damage.
You block the slave's attack.
You feel sick. You block the slave's attack. You block Pikel's attack.
You block Pikel's attack.
You feel sick.
You are no longer poisoned.
Your shield and chain mail prevent you from hitting the slave.
You headbutt the slave.
The slave is lightly wounded.
You block the slave's attack.
You hit Pikel but do no damage.
Pikel is lightly wounded.
Some of the chunks of flesh in your inventory have rotted away.
You slash Pikel! Your headbutt misses Pikel.
Pikel is moderately wounded.
You block Pikel's attack.
You hit Pikel but do no damage.
Pikel is moderately wounded.
You hit the slave. You block Pikel's attack.
The slave hits you but does no damage. Pikel barely misses you.
You barely miss Pikel. You headbutt Pikel.
Pikel is moderately wounded.
You hit the slave but do no damage.
You feel like a meek peon again. You block the slave's attack.
Pikel cracks his whip.
You block Pikel's attack.
You gain the combat prowess of a mighty hero.
The slave hits you but does no damage. You block Pikel's attack.
You hit Pikel but do no damage.
Pikel is moderately wounded.
Your shield and chain mail prevent you from hitting the scorpion.
You hit the slave but do no damage. You block the scorpion's attack.
The slave hits you but does no damage. Pikel barely misses you.
You hit Pikel.
Pikel is heavily wounded.
You hit the slave. You closely miss the scorpion.
You block the scorpion's attack. You block the slave's attack.
Pikel barely misses you. You furiously retaliate!
You headbutt Pikel! You closely miss Pikel.
Pikel is severely wounded.
You hit the scorpion. You barely miss the slave.
You block the scorpion's attack. Pikel hits you but does no damage.
You hit Pikel but do no damage. You headbutt Pikel!
Pikel is almost dead.
You closely miss the slave. You hit the scorpion.
You hit the slave but do no damage. The slave hits you.
* * * LOW HITPOINT WARNING * * *
You block the scorpion's attack. The slave hits you but does no damage.
Pikel waves his whip at you. Pikel hits you but does no damage.
You hit Pikel but do no damage.
Pikel is almost dead.
You closely miss the slave. You closely miss the scorpion.
You hit the slave but do no damage.
The scorpion stings you but does no damage.
You block the slave's attack. The slave barely misses you.
Pikel hits you with a +0 whip of freezing.
* * * LOW HITPOINT WARNING * * *
Pikel freezes you.
* * * LOW HITPOINT WARNING * * *
The scorpion stings you.
* * * LOW HITPOINT WARNING * * *
You are poisoned.
The scorpion poisons you! The slave hits you.
* * * LOW HITPOINT WARNING * * *
You hit Pikel but do no damage.
Pikel is almost dead.
Your shield and chain mail prevent you from hitting the slave.
You hit the scorpion but do no damage. You slash the slave!
You feel sick. The slave hits you but does no damage. You block Pikel's attack.
You block the scorpion's attack. The slave hits you but does no damage.
You barely miss Pikel. Your headbutt misses Pikel.
Pikel is almost dead.
You hit the slave.
Your shield and chain mail prevent you from hitting the scorpion.
You hit the slave.
You feel sick. The slave closely misses you. You furiously retaliate!
You headbutt the slave, but do no damage.
You block Pikel's attack. The slave hits you but does no damage.
The scorpion stings you but does no damage.
You hit Pikel but do no damage.
Pikel is almost dead.
You closely miss the slave. You closely miss the scorpion. You hit the slave.
The slave hits you but does no damage. Pikel hits you but does no damage.
The scorpion stings you.
You die...

#......##
#......##...#
#....###
#..........##
#....#
##.......<.##
#....##
##......[...#
##....#
#..........##
#...p###..........#
#..pp##...........#
#....s#..........##
#.....#@p.......##
#.....Kps......##
#........p.......#
##..#####....##..#
#..# #.#### #.. #..
### #. #.


You could see Pikel, 3 slaves and a scorpion.

Vanquished Creatures
  A phantom (D:4)
  Crazy Yiuf (D:2)
  3 orc priests
  An iguana (D:4)
  An orc wizard (D:2)
  2 worker ants
  4 gnolls (D:3)
  9 adders
  An ooze (D:2)
  4 worms
  3 leopard geckos
  23 orcs
  8 bats
  5 giant cockroaches
  7 goblins
  11 hobgoblins
  8 jackals
  9 kobolds
  A quokka (D:4)
  2 frilled lizards
  A jackal skeleton (D:4)
  6 rats
111 creatures vanquished.

Notes
Turn   | Place    | Note
-------+----------+-------------------------------------------
     0 | D:1      | EnegeticOcto the Minotaur Fighter began the quest for the
                  | Orb.
     0 | D:1      | Reached XP level 1. HP: 19/19 MP: 0/0
   183 | D:1      | Reached XP level 2. HP: 24/27 MP: 1/1
   628 | D:2      | Reached XP level 3. HP: 30/33 MP: 2/2
   807 | D:2      | Found an iron altar of Okawaru.
   855 | D:2      | Became a worshipper of Warmaster Okawaru
  1078 | D:2      | Reached skill level 1 in Dodging
  1214 | D:2      | Reached XP level 4. HP: 41/41 MP: 3/3
  1343 | D:2      | Found a runed translucent door.
  1344 | D:2      | Noticed Crazy Yiuf
  1483 | D:2      | Killed Crazy Yiuf
  1622 | D:2      | Reached skill level 1 in Invocations
  1821 | D:2      | Reached XP level 5. HP: 43/47 MP: 4/4
  1957 | D:2      | Reached * piety under Okawaru
  2123 | D:3      | Reached skill level 5 in Fighting
  2273 | D:3      | Reached XP level 6. HP: 52/56 MP: 6/6
  3329 | D:4      | Reached skill level 5 in Axes
  3331 | D:4      | Reached XP level 7. HP: 51/62 MP: 7/7
  3666 | D:4      | Noticed Pikel
  3755 | D:4      | Slain by a scorpion

Illustrated notes

Levels and vault maps discovered:
D:1:      dpeg_arrival_pond, layout_loops_ring
D:2:      layout_loops_ring, okawaru_gym_becter, uniq_crazy_yiuf_cottage
D:3:      layout_loops_cross, first_ration, minmay_distorted
D:4:      layout_cave_pods, minmay_temple_entry_statues_fountains, uniq_pikel

Skill      XL: |  1  2  3  4  5  6 |
---------------+-------------------+-----
Fighting       | 4 5 |  5.8
Axes           | 3 4 5 |  5.2
Shields        | 4 |  4.8
Armour         | 4 |  4.9
Dodging        | 1 2 |  2.4
Invocations    | 1 2 |  2.1

Action                   |  1- 3 |  4- 6 |  7- 9 || total
-------------------------+-------+-------+-------++-------
Melee: War axe           |    91 |   165 |    54 ||   310
       Headbutt          |    11 |    29 |     6 ||    46
Invok: Heroism           |       |       |     2 ||     2
  Use: Potion            |     1 |       |       ||     1
       Scroll            |       |     9 |     1 ||    10
  Eat: Chunk             |     1 |     4 |       ||     5
       Ration            |       |     2 |       ||     2
Armor: Scale mail        |    44 |    24 |       ||    68
       Chain mail        |       |    64 |    42 ||   106
Dodge: Dodged            |    30 |    55 |    22 ||   107
Block: Kite shield       |    39 |   105 |    11 ||   155
       Tower shield      |       |       |    64 ||    64

Table legend:
 A = Non-vault XP
 B = Vault XP
 C = Vault XP percentage of total XP
 D = Non-vault monster count
 E = Vault monster count
 F = Vault count percentage of total count
                 A         B        C        D         E       F
            +---------+---------+-------+---------+---------+-------
      Total |     765 |      46 |   5.7 |     109 |       2 |   1.8
            +---------+---------+-------+---------+---------+-------
        D:1 |      29 |       0 |   0.0 |      16 |       0 |   0.0
        D:2 |     208 |      44 |  17.5 |      44 |       1 |   2.2
        D:3 |     295 |       2 |   0.7 |      39 |       1 |   2.5
        D:4 |     233 |       0 |   0.0 |      10 |       0 |   0.0
            +---------+---------+-------+---------+---------+-------
